 Dungeon Crawl Stone Soup version 0.28-a0-1638-g9123634e07 (webtiles) character file.

Game seed: 5601381808966930906

23 Edwards80 the Chopper (level 2, 0/27 HPs)
             Began as a Hill Orc Monk on Jan 25, 2022.
             Slain by Natasha (6 damage)
             ... on level 2 of the Dungeon.
             The game lasted 00:02:00 (1173 turns).

Edwards80 the Chopper (Hill Orc Monk)               Turns: 1173, Time: 00:02:01

Health: 0/27       AC:  2    Str: 13    XL:     2   Next: 95%
Magic:  2/2        EV: 12    Int: 10    God:
Gold:   24         SH:  0    Dex: 13    Spells: 1/1 levels left

rFire   + . .      SeeInvis .   a - +0 hand axe
rCold   x . .      Faith    .   (no shield)
rNeg    . . .      Spirit   .   b - +0 robe
rPois   .          Reflect  .   (no helmet)
rElec   .          Harm     .   (no cloak)
rCorr   .          Rampage  .   (no gloves)
Will    .....                   (no boots)
Stlth   ++........              (no amulet)
HPRegen 0.09/turn               f - ring of fire
MPRegen 0.08/turn               (no ring)

@: slowed, very slow
A: no striking features
a: no special abilities


You were on level 2 of the Dungeon.
You visited 1 branch of the dungeon, and saw 2 of its levels.

You collected 24 gold pieces.

Inventory:

Hand Weapons
 a - a +0 hand axe (weapon)
Armour
 b - a +0 robe (worn)
Jewellery
 f - a ring of fire (left hand)
Potions
 c - a potion of lignification {unknown}
 d - a potion of flight {unknown}
 e - 2 potions of haste
 g - a potion of ambrosia {unknown}


   Skills:
 - Level 4.0 Fighting
 + Level 4.4 Axes
 - Level 2.6 Dodging
 - Level 2.0 Stealth


You had one spell level left.
You didn't know any spells.
Your spell library was empty.

Dungeon Overview and Level Annotations

Branches:
Dungeon (2/15)

Altars:

Annotations:
D:2 Natasha


Message History

You barely miss the kobold.
The kobold is moderately wounded.
The kobold hits you with a +0 whip.
The crimson imp blinks!
You barely miss the kobold.
The kobold is moderately wounded.
The kobold hits you with a +0 whip.
You barely miss the kobold. The kobold hits you but does no damage.
You barely miss the kobold. The kobold hits you with a +0 whip.
You closely miss the kobold. The kobold misses you.
You hit the kobold but do no damage. The kobold barely misses you.
You hit the kobold.
You kill the kobold!
You closely miss the shadow imp.
Natasha mumbles some strange words.
Natasha glows brightly for a moment.
The shadow imp misses you.
You hit the shadow imp.
The shadow imp is heavily wounded.
The crimson imp disappears in a puff of smoke!
The shadow imp closely misses you.
You slash the shadow imp!
You kill the shadow imp!
The shadow imp disappears in a puff of smoke!
Natasha howls an incantation.
Natasha shimmers violently.
Natasha casts a spell at you. The magic dart hits you!
* * * LOW HITPOINT WARNING * * *
Natasha barely misses you.
You see here a +0 whip.
You closely miss Natasha.
The white imp disappears in a puff of smoke!
Natasha misses you.
You closely miss Natasha.
Natasha stares at you and mumbles some strange words.
You feel yourself slow down.
You miss Natasha. Natasha barely misses you. Natasha claws you.
* * * LOW HITPOINT WARNING * * *
You closely miss Natasha. Natasha claws you.
You die...

############
#..........#
##..........#
#.....<.)...#
...#####.#####
# #..###
#..#######...##
#...h@...###..#
#..#####.####.#
#.. #....#.## .
####....#
####.# #.# #.#
#(# #.#


You could see Natasha.

Vanquished Creatures
  A ball python (D:1)
  3 endoplasms (D:1)
  A giant cockroach (D:1)
  3 goblins
  2 hobgoblins
  2 bats (D:1)
  2 frilled lizards (D:1)
  5 kobolds
  3 rats (D:1)
22 creatures vanquished.

Notes
Turn   | Place    | Note
-------+----------+-------------------------------------------
     0 | D:1      | Edwards80 the Hill Orc Monk began the quest for the Orb.
     0 | D:1      | Reached XP level 1. HP: 19/19 MP: 1/1
   517 | D:1      | Reached XP level 2. HP: 26/27 MP: 2/2
  1151 | D:2      | Noticed Natasha
  1159 | D:2      | Noticed a crimson imp
  1173 | D:2      | Slain by Natasha

Illustrated notes

Levels and vault maps discovered:
D:1:      dpeg_arrival_chambers_temple_mockup, layout_basic
D:2:      layout_rooms, dilly_ecumenical_altar_fadedgnrine,
          kennysheep_generic_room_6, uniq_natasha

Skill      XL: |  1  2 |
---------------+-------+-----
Fighting       | 4 |  4.0
Stealth        | 2 |  2.0
Axes           | |  4.4
Dodging        | |  2.6

Action                   || total
-------------------------++-------
Melee: Hand axe          ||    86
       Punch             ||     2
  Use: Scroll            ||     1
 Stab: Sleeping          ||     3
Armor: Robe              ||    21
Dodge: Dodged            ||    66

Table legend: (Time is in decaauts)
 A = Elapsed time spent in this place.
 B = Non-inter-level travel time spent in this place.
 C = Inter-level travel time spent in this place.
 D = Time resting spent in this place.
 E = Time spent auto-exploring this place.
 F = Levels seen in this place.
 G = Mean time per level.
                   A        B        C        D        E       F      G
               +--------+--------+--------+--------+--------+-----+--------+
         Total |   1180 |   1167 |     13 |      0 |    935 |   2 |  590.0 |
       Dungeon |   1180 |   1167 |     13 |      0 |    935 |   2 |  590.0 |
               +--------+--------+--------+--------+--------+-----+--------+

Top non-repeatable levels by time:
     D:1: 1136 daAuts
     D:2: 43 daAuts
